 Seeded DCSS version 0.25-a0-661-g55ea3d2053 (webtiles) character file.

Game seed: 11899377527320829054, levelgen mode: deterministic

15 Envy91 the Skirmisher (level 2, 0/27 HPs)
             Began as a Minotaur Berserker on Mar 23, 2020.
             Was a Follower of Trog.
             Slain by a rat (1 damage)
             ... on level 2 of the Dungeon.
             The game lasted 00:04:02 (906 turns).

Envy91 the Skirmisher (Minotaur Berserker)           Turns: 906, Time: 00:04:03

Health: 0/27       AC:  4    Str: 21    XL:     2   Next: 34%
Magic:  1/1        EV:  9    Int:  4    God:    Trog [*.....]
Gold:   23         SH:  8    Dex:  9    Spells: 1/1 levels left

rFire    . . .     SeeInvis .   a - +0 hand axe
rCold    . . .     Gourm    .   f - +0 kite shield
rNeg     . . .     Faith    .   b - +0 animal skin
rPois    .         Spirit   .   (helmet restricted)
rElec    .         Reflect  .   g - +1 cloak
rCorr    .         Harm     .   (no gloves)
MR       .....                  (no boots)
Stlth    +.........             (no amulet)
HPRegen  0.09/turn              (no ring)
MPRegen  0.07/turn              (no ring)

@: berserk cooldown, slowed, very slow
A: retaliatory headbutt, horns 2
a: Berserk, Renounce Religion


You were on level 2 of the Dungeon.
You worshipped Trog.
Trog was aware of your devotion.
You were hungry.

You visited 1 branch of the dungeon, and saw 2 of its levels.

You collected 23 gold pieces.

Inventory:

Hand Weapons
 a - a +0 hand axe (weapon)
Armour
 b - a +0 animal skin (worn)
 f - a +0 kite shield (worn)
 g - a +1 cloak (worn)
Scrolls
 d - a scroll of magic mapping {unknown}
 e - a scroll of remove curse {unknown}
 h - a scroll of identify {unknown}
 k - a scroll of noise {unknown}
Potions
 i - 2 potions of curing {unknown}
 j - a potion of berserk rage {unknown}
Comestibles
 c - 4 rations


   Skills:
 - Level 4.2 Fighting
 - Level 3.7 Axes
 - Level 2.4 Armour
 - Level 2.2 Dodging
 + Level 1.2 Shields


You had one spell level left.
You didn't know any spells.
Your spell library was empty.

Dungeon Overview and Level Annotations

Branches:
Dungeon (2/15)

Altars:


Innate Abilities, Weirdness & Mutations

You reflexively headbutt those who attack you in melee.
You have a pair of horns on your head.


Message History

You hit the kobold.
You kill the kobold!
Trog accepts your kill.
You are no longer berserk.
You are exhausted.
You feel yourself slow down.
Things that are here:
a +0 dagger; a kobold corpse A rat comes into view.
The rat bites you.
* * * LOW HITPOINT WARNING * * *
You block the rat's attack.
Found a scroll labeled BYDYCEWEUVA.
You hit the rat. You headbutt the rat.
You kill the rat!
Trog accepts your kill. The rat bites you.
* * * LOW HITPOINT WARNING * * *
The rat bites you.
You die...

. #.#####+# .
#.....#.#### . #.
#.###).(.(<# .. #.
##..##...#### ...##.#
#...##...#### ......<
+...##......#
#.....###..†##....#.#
#....@.)....#....# #
.......r#.....#....#
........#..........#
.######.#.###.###......
#.#..$...##......
..$.###..##.......
?...# #..##.......
....# #..##....### #...
###


You could see a rat.

Vanquished Creatures
  A worm (D:2)
  2 giant cockroaches (D:1)
  A goblin (D:1)
  A hobgoblin (D:1)
  A frilled lizard (D:1)
  4 kobolds
  2 rats (D:2)
12 creatures vanquished.

Notes
Turn   | Place    | Note
-------+----------+-------------------------------------------
     0 | D:1      | Envy91 the Minotaur Berserker began the quest for the Orb.
     0 | D:1      | Reached XP level 1. HP: 19/19 MP: 0/0
   328 | D:1      | Reached skill level 4 in Fighting
   562 | D:1      | Reached XP level 2. HP: 25/27 MP: 1/1
   898 | D:2      | Reached skill level 1 in Shields
   904 | D:2      | HP: 1/27 [rat (1)]
   906 | D:2      | Slain by a rat

Levels and vault maps discovered:
D:1:      lightli_arrival_statuegarden, layout_basic
D:2:      layout_basic, lemuel_crystal_altar, first_ration, grunt_ministairs_12,
          uniq_robin

Skill      XL: |  1  2 |
---------------+-------+-----
Fighting       | 4 |  4.2
Shields        | 1 |  1.2
Axes           | |  3.7
Armour         | |  2.4
Dodging        | |  2.2

Action                   || total
-------------------------++-------
Melee: Hand axe          ||    32
       Headbutt          ||     4
Invok: Berserk           ||     1
Armor: Animal skin       ||     3
Dodge: Dodged            ||    10
Block: Kite shield       ||     7

Table legend:
 A = Non-vault XP
 B = Vault XP
 C = Vault XP percentage of total XP
 D = Non-vault monster count
 E = Vault monster count
 F = Vault count percentage of total count
                 A         B        C        D         E       F
            +---------+---------+-------+---------+---------+-------
      Total |      22 |       0 |   0.0 |      12 |       0 |   0.0
            +---------+---------+-------+---------+---------+-------
        D:1 |      12 |       0 |   0.0 |       7 |       0 |   0.0
        D:2 |      10 |       0 |   0.0 |       5 |       0 |   0.0
            +---------+---------+-------+---------+---------+-------
